 Dungeon Crawl Stone Soup version 0.24-a0-423-g6870c0f642 (webtiles) character file.

Game seed: 11403278180542173887

1351 Holzbalken the Spear-Bearer (level 8, -2/56 HPs)
             Began as a Demonspawn Gladiator on June 13, 2019.
             Was an Initiate of Dithmenos.
             Slain by an ice beast (14 damage)
             ... on level 6 of the Dungeon.
             The game lasted 00:27:35 (7159 turns).

Holzbalken the Spear-Bearer (Demonspawn Gladiator)  Turns: 7159, Time: 00:27:36

Health: -2/56      AC: 14    Str: 17    XL:     8   Next: 36%
Magic:  8/8        EV: 11    Int:  9    God:    Dithmenos [......]
Gold:   213        SH:  0    Dex: 15    Spells: 7/7 levels left

rFire    . . .     SeeInvis .   p - +1 dagger (speed)
rCold    . . .     Gourm    .   (no shield)
rNeg     . . .     Faith    .   q - +0 scale mail
rPois    .         Spirit   .   (helmet restricted)
rElec    .         Reflect  .   (no cloak)
rCorr    +         Harm     .   w - +0 pair of gloves
MR       +....                  (no boots)
Stlth    +.........             (no amulet)
HPRegen  0.18/turn              G - ring of resist corrosion
MPRegen  0.11/turn              g - ring of protection from magic

@: no status effects
A: antennae 2, iridescent scales 3, nightstalker 1
a: Renounce Religion


You were on level 6 of the Dungeon.
You worshipped Dithmenos.
Dithmenos was noncommittal.
You were very hungry.

You visited 1 branch of the dungeon, and saw 6 of its levels.

You collected 306 gold pieces.
You spent 93 gold pieces at shops.

Inventory:

Hand Weapons
 p - a +1 dagger of speed (weapon)
 y - a +1 trident of freezing
Missiles
 d - 3 throwing nets (quivered)
Armour
 b - a +0 shield
 q - a +0 scale mail (worn)
 w - a +0 pair of gloves (worn)
Jewellery
 g - a ring of protection from magic (right hand)
 G - a ring of resist corrosion (left hand)
Wands
 x - a wand of iceblast (10)
Scrolls
 a - 2 scrolls of blinking {unknown}
 h - 3 scrolls of enchant weapon {unknown}
 l - 9 scrolls of identify
 m - 5 scrolls of teleportation {unknown}
 n - a scroll of fear {unknown}
 r - 4 scrolls of enchant armour {unknown}
 s - 2 scrolls of remove curse
 t - a scroll of amnesia {unknown}
 E - 2 scrolls of noise {unknown}
Potions
 c - 3 potions of flight {unknown}
 e - 4 potions of curing
 i - a potion of lignification {unknown}
 k - a potion of invisibility {unknown}
 o - 2 potions of mutation {unknown}
 u - 3 potions of might
 z - a potion of brilliance {unknown}
 A - 2 potions of ambrosia {unknown}
 C - a potion of agility {unknown}
 F - a potion of heal wounds {unknown}
 I - 2 potions of degeneration {unknown}
Comestibles
 f - 8 rations


   Skills:
 - Level 2.0 Fighting
 + Level 2.4 Short Blades
 - Level 8.5 Polearms
 - Level 1.7 Throwing
 + Level 3.8 Armour
 - Level 2.6 Dodging


You had 7 spell levels left.
You didn't know any spells.
Your spell library contained the following spells:

 Spells                   Type           Power        Failure   Level  Hunger
 Infusion                 Chrm           #...         78%         1    ##.....
 Shroud of Golubria       Chrm/Tloc      #.....       89%         2    ###....
 Song of Slaying          Chrm           #.......     89%         2    ###....
 Regeneration             Chrm/Necr      #.........   98%         3    ####...
 Spectral Weapon          Hex/Chrm       #.......     98%         3    ####...


Dungeon Overview and Level Annotations

Branches:
Dungeon (6/15)
 Temple: D:4-7

Altars:
Cheibriados
Dithmenos
Elyvilon

Shops:
D:4 ?   D:5 =


Innate Abilities, Weirdness & Mutations

You have a pair of antennae on your head.
You are completely covered in iridescent scales. (AC +6)
You are slightly more attuned to the shadows.


Message History

The ice beast hits you but does no damage.
You closely miss the ice beast.
The ice beast is heavily wounded.
The ice beast hits you but does no damage.
You hit the ice beast but do no damage.
The ice beast is heavily wounded.
You hit the ice beast but do no damage.
The ice beast is heavily wounded.
The ice beast hits you but does no damage.
You hit the ice beast.
The ice beast is heavily wounded.
You hit the ice beast but do no damage.
The ice beast is heavily wounded.
The ice beast misses you.
You hit the ice beast.
The ice beast is severely wounded.
The ice beast hits you.
* * * LOW HITPOINT WARNING * * *
The ice beast freezes you!
You die...

,,,,** **,* *,* *,* ***,,**
*,,* *,** *,* *** **,,***,**
*#.# *,** **,* **,,,,,** #.#
*,,******,,* **,,,,,* ##.#
*,,,,,,,,,,* * *,,,,.####..#
**,,,,,,*,,** **
**,,**......####..,,*****,**
,*** *,*****#..Y......,**
**,* *,,** *.#* *#.@......**
*** **,,* *..#* ##.#######**
**,* **#.#* #.## **,***
**,,* *#.#*#.# *,,,,******
*,,** *#.##.## *,,**,,,,,*
,*** #.....### *,*******,*
,* ##......#***,,* **,* **
#รท.####..#*,,** **,,* *
#.## *,.#*,,,***,***


You could see an ice beast.

Vanquished Creatures
  A black bear (D:6)
  A sky beast (D:5)
  2 phantoms
  A centaur (D:5)
  A bullfrog (D:6)
  A scorpion (D:6)
  3 wights (D:6)
  A hound (D:4)
  A bullfrog skeleton (D:5)
  A jelly (D:6)
  An orc wizard (D:3)
  Jessica (D:2)
  3 iguanas
  7 worker ants
  A worker ant zombie (D:6)
  14 adders
  3 oozes
  An adder skeleton (D:6)
  4 worms
  A dart slug (D:1)
  A leopard gecko (D:1)
  20 orcs
  4 bats
  6 giant cockroaches
  8 goblins
  2 hobgoblins
  17 jackals
  2 quokkas
  3 ball pythons
  3 frilled lizards
  A jackal skeleton (D:5)
  10 kobolds
  7 rats
133 creatures vanquished.

Notes
Turn   | Place    | Note
-------+----------+-------------------------------------------
     0 | D:1      | Holzbalken the Demonspawn Gladiator began the quest for the
                  | Orb.
     0 | D:1      | Reached XP level 1. HP: 16/16 MP: 1/1
    95 | D:1      | Reached skill level 3 in Polearms
   249 | D:1      | Gained mutation: You are partially covered in iridescent
                  | scales. (AC +2) [demonic ancestry]
   249 | D:1      | Reached XP level 2. HP: 21/22 MP: 2/2
   562 | D:2      | Gained mutation: You have a pair of small antennae on your
                  | head. [demonic ancestry]
   562 | D:2      | Reached XP level 3. HP: 22/27 MP: 3/3
   584 | D:2      | Reached skill level 4 in Polearms
  1044 | D:2      | Reached XP level 4. HP: 21/33 MP: 4/4
  1256 | D:2      | Noticed Jessica
  1266 | D:2      | Killed Jessica
  1412 | D:2      | Reached skill level 5 in Polearms
  1470 | D:2      | Gained mutation: You have a pair of antennae on your head.
                  | [demonic ancestry]
  1470 | D:2      | Reached XP level 5. HP: 25/38 MP: 5/5
  1833 | D:3      | HP: 1/38 [orc/+1 trident of freezing (2)]
  2701 | D:3      | Reached skill level 6 in Polearms
  3545 | D:4      | Gained mutation: You are slightly more attuned to the
                  | shadows. [demonic ancestry]
  3545 | D:4      | Reached XP level 6. HP: 38/44 MP: 6/6
  3713 | D:4      | Found Bierch's Magic Scroll Boutique.
  3716 | D:4      | Bought a scroll of remove curse for 33 gold pieces
  3716 | D:4      | Bought a scroll of identify for 22 gold pieces
  3716 | D:4      | Bought a scroll of magic mapping for 38 gold pieces
  3901 | D:4      | Found a snail-covered altar of Cheibriados.
  3902 | D:4      | Found a shadowy altar of Dithmenos.
  3902 | D:4      | Found a white marble altar of Elyvilon.
  4158 | D:4      | Found a white marble altar of Elyvilon.
  4236 | D:4      | Reached skill level 7 in Polearms
  4253 | D:4      | Gained mutation: You are mostly covered in iridescent
                  | scales. (AC +4) [demonic ancestry]
  4253 | D:4      | Reached XP level 7. HP: 50/50 MP: 7/7
  4478 | D:5      | Entered Level 5 of the Dungeon
  4556 | D:5      | Found Zekhlodudwy's Jewellery Boutique.
  4840 | D:5      | Reached skill level 1 in Armour
  4978 | D:5      | Reached skill level 8 in Polearms
  5437 | D:6      | Gained mutation: You are completely covered in iridescent
                  | scales. (AC +6) [demonic ancestry]
  5437 | D:6      | Reached XP level 8. HP: 42/56 MP: 8/8
  5521 | D:4      | Became a worshipper of Dithmenos the Shadowed
  6008 | D:6      | Reached skill level 1 in Short Blades
  7159 | D:6      | Slain by an ice beast

Levels and vault maps discovered:
D:1:      elethiomel_arrival_maze, layout_rooms, moated_statue
D:2:      layout_loops_cross, first_ration, uniq_jessica
D:3:      layout_basic
D:4:      kennysheep_big_flooded_room, layout_loops_ring,
          chequers_temple_overflow_statue_of_worship, serial_shops,
          nicolae_shop_trees, elyvilon_altar_5
D:5:      layout_cave_pods, minmay_shop_enchanted_jewellery
D:6:      layout_layer_cave

Skill      XL: |  1  2  3  4  5  6  7  8 |
---------------+-------------------------+-----
Polearms       | 3 4 5 6 7 8 |  8.5
Armour         | 2 3 |  3.8
Short Blades   | 2 |  2.4
Fighting       | |  2.0
Throwing       | |  1.7
Dodging        | |  2.6

Action                   |  1- 3 |  4- 6 |  7- 9 || total
-------------------------+-------+-------+-------++-------
Melee: Trident           |   108 |   246 |    90 ||   444
       Dagger            |       |       |   340 ||   340
  Use: Scroll            |       |       |     4 ||     4
 Stab: Sleeping          |       |     3 |       ||     3
       Distracted        |       |     1 |       ||     1
  Eat: Chunk             |       |    11 |     5 ||    16
       Ration            |       |       |     1 ||     1
Armor: Leather armour    |    22 |    43 |     5 ||    70
       Scale mail        |       |       |   133 ||   133
Dodge: Dodged            |    69 |   121 |   148 ||   338

Table legend:
 A = Non-vault XP
 B = Vault XP
 C = Vault XP percentage of total XP
 D = Non-vault monster count
 E = Vault monster count
 F = Vault count percentage of total count
                 A         B        C        D         E       F
            +---------+---------+-------+---------+---------+-------
      Total |    1764 |     167 |   8.6 |     130 |       3 |   2.3
            +---------+---------+-------+---------+---------+-------
        D:1 |      29 |       0 |   0.0 |      16 |       0 |   0.0
        D:2 |     135 |      37 |  21.5 |      33 |       1 |   2.9
        D:3 |     157 |       0 |   0.0 |      31 |       0 |   0.0
        D:4 |     261 |     130 |  33.2 |      17 |       2 |  10.5
        D:5 |     500 |       0 |   0.0 |      14 |       0 |   0.0
        D:6 |     682 |       0 |   0.0 |      19 |       0 |   0.0
            +---------+---------+-------+---------+---------+-------
